 Dungeon Crawl Stone Soup version 0.30.0-29-ga12c61a403 (webtiles) character file.

Game seed: 13516906264887502098

83 hawla the Firebug (level 5, -3/38 HPs)
             Began as a Meteoran Fire Elementalist on June 4, 2023.
             Slain by a black bear (6 damage)
             ... on level 4 of the Dungeon.
             The game lasted 00:02:23 (611 turns).

hawla the Firebug (Meteoran Fire Elementalist)       Turns: 611, Time: 00:02:24

Health: -3/38      AC:  2    Str:  9    XL:     5   Next: 2%
Magic:  4/11       EV: 13    Int: 18    God:
Gold:   68         SH:  0    Dex: 15    Spells: 4/11 levels left

rFire   . . .        (no weapon)
rCold   . . .        (no shield)
rNeg    . . .        a - +0 robe
rPois   .            (no helmet)
rElec   .            (no cloak)
rCorr   .            (no gloves)
SInv    .            (no boots)
Will    .....        (no amulet)
Stlth   +            (no ring)
HPRegen 0.26/turn    (no ring)
MPRegen 0.12/turn

%: no passive effects
@: glowing
A: sense surroundings 1, otherworldly, glowing, explore regen
a: no special abilities


You were on level 4 of the Dungeon.
You visited 1 branch of the dungeon, and saw 3 of its levels.

You collected 68 gold pieces.

Inventory:

Armour
 a - a +0 robe (worn)
Scrolls
 c - a scroll of identify {unknown}
 d - a scroll of magic mapping {unknown}
 e - 3 scrolls of enchant weapon {unknown}
Potions
 b - a potion of magic
 f - a potion of mutation {unknown}


   Skills:
 - Level 0.3 Fighting
 - Level 3.1 Dodging
 - Level 1.4 Stealth
 - Level 3.5 Spellcasting
 + Level 2.0 Conjurations
 - Level 5.0 Fire Magic


You had 4 spell levels left.
You knew the following spells:

 Your Spells              Type           Power      Damage    Failure   Level
a - Foxfire               Conj/Fire      60%        2x1d7     3%          1
b - Scorch                Fire           42%        2d7       3%          2
c - Flame Wave            Conj/Fire      15%        2d7       36%         4

Your spell library contained the following spells:

 Spells                   Type           Power      Damage    Failure   Level
 Inner Flame              Hex/Fire       12%        N/A       17%         3
 Volatile Blastmotes      Fire/Tloc      24%        2d12      17%         3


Dungeon Overview and Level Annotations

Branches:
Dungeon (2/15) Zot: 1188

Altars:


Innate Abilities, Weirdness & Mutations

You passively map a small area around you.
You are easily found by Zot.
You glow in the dark.
You regain HP and MP as you explore.


Message History

The black bear is heavily wounded.
The black bear's fire resistance burns away.
The foxfire hits the black bear.
The black bear is heavily wounded.
The foxfire hits the black bear.
The black bear is burned terribly!
The black bear is severely wounded.
Casting: Scorch (safe; 3% risk of failure)
Confirm with . or Enter, or press ? or * to list all spells.
You conjure some foxfire!
The black bear barely misses you. x3
You hit the black bear but do no damage.
The black bear is heavily wounded.
The foxfire hits the black bear!
The black bear is burned terribly!
The black bear is severely wounded.
The foxfire hits the black bear.
The black bear is almost dead.
The black bear closely misses you. The black bear misses you.
The black bear claws you.
Casting: Foxfire (safe; 3% risk of failure)
Confirm with . or Enter, or press ? or * to list all spells.
You conjure some foxfire!
The black bear bites you. The black bear claws you. x2
You hit the black bear but do no damage.
The black bear is almost dead.
The foxfire hits the black bear but does no damage.
The black bear is almost dead.
The foxfire hits the black bear.
The black bear is burned terribly!
The black bear is almost dead.
The black bear misses you. The black bear claws you.
The black bear completely misses you.
The black bear is no longer more vulnerable to fire.
The black bear goes berserk!
Found a stone staircase leading up.
The black bear barely misses you. The black bear claws you. x2
You see here a ball python corpse.
The black bear attacks as you move away!
The black bear bites you. The black bear claws you.
* * * LOW HITPOINT WARNING * * *
The black bear barely misses you. The black bear bites you!
* * * LOW HITPOINT WARNING * * *
The black bear misses you. The black bear claws you.
You die...

, * , * ....# * *
*######.# * , ,
######....#.# * , ..####
#.........#.
....###.........#, , *
#..##.........# ### , ,
#..#........#..... .,
#..#......†h@....... **
.#####.##.#####.#.#..###
.......##.# #.#... #
########..#####.###.#
.†...........##.# *.# ,
.#####.#####.##.<, #
.##.#..# #### * .##....#
, , .####..# , * , ,


You could see a black bear (berserk).

Vanquished Creatures
  A scorpion (D:4)
  An adder (D:2)
  A dart slug (D:2)
  3 ball pythons
  A bat (D:1)
  2 endoplasms
  A giant cockroach (D:2)
  2 goblins (D:1)
  A hobgoblin (D:4)
  4 jackals (D:2)
17 creatures vanquished.

Vanquished Creatures (others)
  47 foxfires
47 creatures vanquished.

Grand Total: 64 creatures vanquished

Notes
Turn   | Place    | Note
-------+----------+-------------------------------------------
     0 | D:1      | hawla the Meteoran Fire Elementalist began the quest for
                  | the Orb.
     0 | D:1      | Reached XP level 1. HP: 14/14 MP: 5/5
   194 | D:1      | Reached skill level 4 in Fire Magic
   194 | D:1      | Reached XP level 2. HP: 19/20 MP: 4/6
   197 | D:1      | Learned a level 2 spell: Scorch
   400 | D:2      | Reached XP level 3. HP: 20/26 MP: 4/8
   537 | D:2      | You fall into a shaft and drop 2 floors!
   558 | D:4      | Noticed a scorpion
   566 | D:4      | Killed a scorpion
   567 | D:4      | Reached skill level 5 in Fire Magic
   567 | D:4      | Reached XP level 4. HP: 33/33 MP: 1/10
   567 | D:4      | Reached XP level 5. HP: 38/38 MP: 1/11
   572 | D:4      | Learned a level 4 spell: Flame Wave
   595 | D:4      | Noticed a black bear
   611 | D:4      | Slain by a black bear

Illustrated notes

Levels and vault maps discovered:
D:1:      lightli_arrival_quake, layout_loops_corners
D:2:      layout_loops_ring, serial_co_window_serial,
          co_window_of_opportunity_a, co_window_corner_a,
          co_window_of_opportunity_a, co_window_corner_a, co_window_paths_b,
          co_window_broadway_b, co_window_2corner, co_window_of_opportunity_b,
          co_window_corner_b, co_window_broadway_b, co_window_corner_b,
          glass_columns_b, glass_columns_a, glass_columns_a
D:4:      cheibrodos_quashed, layout_loops_cross, fedhas_altar_2,
          serial_co_window_serial, co_window_paths_a, co_window_corner_a,
          co_window_of_opportunity_a, co_window_paths_b,
          co_window_of_opportunity_a, co_window_2corner,
          co_window_unsneaky_path_a, co_window_paths_c, co_window_corner_cb,
          co_window_paths_c, co_window_broadway_a, co_window_4corner_b,
          glass_columns_c, glass_columns_a, glass_columns_a

Skill      XL: |  1  2  3  4  5 |
---------------+----------------+-----
Fire Magic     | 4 5 |  5.0
Spellcasting   | 3 |  3.5
Dodging        | 3 |  3.1
Conjurations   | 2 |  2.0
Fighting       | |  0.3
Stealth        | |  1.4

Action                     |  1- 3 |  4- 6 || total
---------------------------+-------+-------++-------
  Melee: Unarmed           |    17 |     2 ||    19
   Cast: Foxfire           |    26 |     6 ||    32
         Scorch            |     3 |     1 ||     4
 Armour: Robe              |     9 |       ||     9
  Dodge: Dodged            |    20 |    10 ||    30
